 Dungeon Crawl Stone Soup version 0.15-a0-2232-g756d4b8 (webtiles) character file.

1881 Ololoev the Archer (level 8, -2/59 HPs)
             Began as a Centaur Hunter on July 25, 2014.
             Was a Follower of Okawaru.
             Slain by a killer bee (8 damage)
             ... on Level 7 of the Dungeon.
             The game lasted 00:33:59 (8953 turns).

Ololoev the Archer (Centaur Hunter)                 Turns: 8953, Time: 00:34:00

HP  -2/59        AC  6     Str 15      XL: 8   Next: 91%
MP   6/6         EV  7     Int 10      God: Okawaru [*.....]
Gold 431         SH  0     Dex 12      Spells:  0 memorised,  7 levels left

rFire  . . .     SeeInvis .     t - +1 morningstar (freeze) (curse)
rCold  . . .     Clarity  +     h - +1 ring mail
rNeg   . . .     rCorr    .     (no shield)
rPois  .         rRot     .     (no helmet)
rElec  .         Spirit   .     (no cloak)
SustAb .         Warding  .     (no gloves)
rMut   .         Stasis   .     (no barding)
Gourm  .                        j - amulet of clarity
MR     .....                    (no ring)
                                (no ring)

@: lethally poisoned, very slightly contaminated, hasted, very quick, not
resistant to hostile enchantments, extremely unstealthy
A: hooves 3, deformed body, speed 2, tough skin 3
a: Heroism, Renounce Religion


You were on level 7 of the Dungeon.
You worshipped Okawaru.
Okawaru was aware of your devotion.
You were not hungry.

You visited 2 branches of the dungeon, and saw 8 of its levels.

You collected 495 gold pieces.
You spent 64 gold pieces at shops.

Inventory:

Hand weapons
 b - a +1 shortbow
 g - a +6 flail of holy wrath
 t - a cursed +1 morningstar of freezing (weapon)
Missiles
 c - 130 arrows
 e - 7 arrows of frost
Armour
 a - a cursed +0 ring mail
 h - a +1 ring mail (worn)
Magical devices
 p - a wand of disintegration (6)
Comestibles
 f - 3 bread rations
 i - 2 meat rations
 n - a slice of pizza
Scrolls
 l - 5 scrolls of teleportation
 m - a scroll of blinking
 q - a scroll of identify
 u - a scroll of fog {unknown}
Jewellery
 j - an amulet of clarity (around neck)
Potions
 d - 2 potions of resistance
 k - a potion of berserk rage
 r - a potion of magic {unknown}


   Skills:
 - Level 1.0 Fighting
 + Level 6.8 Maces & Flails
 - Level 12.2 Bows
 - Level 1.3 Dodging
 - Level 0.5 Stealth


You had 7 spell levels left.
You didn't know any spells.

Dungeon Overview and Level Annotations

Branches:
Dungeon (7/15)             Temple (1/1) D:6

Altars:
Cheibriados
Dithmenos
Fedhas
Gozag
Makhleb
Nemelex Xobeh
Okawaru
Trog
The Shining One

Shops:
D:5 [[=*=


Innate Abilities, Weirdness & Mutations

You have hooves in place of feet.
Armour fits poorly on your strangely shaped body.
You cover ground very quickly.
You have extremely tough skin (AC +3).


Message History

The killer bee poisons you!
Drink which item? (? for menu, Esc to quit)
You feel better. The killer bee stings you.
* * * LOW HITPOINT WARNING * * *
The worker ant closely misses you. The killer bee stings you.
* * * LOW HITPOINT WARNING * * *
Drink which item? (? for menu, Esc to quit)
You feel yourself speed up. The killer bee stings you.
* * * LOW HITPOINT WARNING * * *
The killer bee stings you.
* * * LOW HITPOINT WARNING * * *
You are very lightly contaminated with residual magic.
Drink which item? (? for menu, Esc to quit)
You feel better.
The killer bee stings you but does no damage.
The worker ant bites you.
* * * LOW HITPOINT WARNING * * *
You are lethally poisoned!
The worker ant poisons you! The killer bee stings you!
You die...

..# ##.........# ..#
##.......... ...#
###..........#
....##...##.......#
........####......##
.#.....## #......##
####...# #.......###.. #
##..## #....#>.... #...#
#...@#..# ##..##
##..a#y..#
#...###.......##
#..............##
#...........##...### ..
#.........#####....##..#
............# ##....>.#
...........## ##.....##
....##....# ##......#


You could see a worker ant and a killer bee.

Vanquished Creatures
  Edmund (D:4)
  Menkaure (D:4)
  An ice beast (D:5)
  A phantom (D:3)
  A sky beast (D:5)
  An ogre (D:7)
  A black bear (D:6)
  A centaur (D:3)
  Sigmund (D:6)
  3 giant frogs
  A scorpion (D:6)
  4 wights (D:6)
  3 crimson imps
  A goliath beetle (D:6)
  A black bear zombie (D:6)
  2 hounds
  A giant frog skeleton (D:7)
  A black bear skeleton (D:5)
  2 worker ants (D:5)
  Natasha (thrice) (D:3)
  2 iguanas
  Jessica (D:3)
  A scorpion zombie (D:5)
  12 adders
  An orc skeleton (D:5)
  2 white imps
  2 worms (D:3)
  3 giant geckos
  An ooze (D:6)
  9 orcs
  3 giant cockroaches
  14 hobgoblins
  16 jackals
  2 ball pythons (D:1)
  9 bats
  A giant gecko skeleton (D:6)
  5 giant newts
  8 goblins
  13 kobolds
  A kobold skeleton (D:4)
  A kobold zombie (D:6)
  16 rats
154 creatures vanquished.

Notes
Turn   | Place    | Note
--------------------------------------------------------------
     0 | D:1      | Ololoev, the Centaur Hunter, began the quest for the Orb.
     0 | D:1      | Reached XP level 1. HP: 16/16 MP: 1/1
   380 | D:1      | Reached XP level 2. HP: 21/23 MP: 2/2
   431 | D:1      | Reached skill level 6 in Bows
  1231 | D:1      | Reached XP level 3. HP: 12/28 MP: 3/3
  1911 | D:1      | Reached skill level 7 in Bows
  2379 | D:2      | Reached XP level 4. HP: 31/35 MP: 3/3
  2804 | D:3      | Noticed Natasha
  2820 | D:3      | Killed Natasha
  2924 | D:3      | Noticed a phantom
  3174 | D:3      | Found a snail-covered altar of Cheibriados.
  3267 | D:3      | Reached skill level 8 in Bows
  3305 | D:3      | Killed a phantom
  3305 | D:3      | Reached skill level 9 in Bows
  3305 | D:3      | Reached XP level 5. HP: 32/40 MP: 4/4
  3364 | D:3      | Noticed Jessica
  3379 | D:3      | Killed Jessica
  3508 | D:3      | Noticed Natasha
  3522 | D:3      | Killed Natasha
  3906 | D:3      | Noticed a centaur
  3919 | D:3      | HP: 1/40 [centaur/arrow (6)]
  3931 | D:3      | Killed a centaur
  3931 | D:3      | Reached skill level 10 in Bows
  3931 | D:3      | Reached XP level 6. HP: 43/47 MP: 5/5
  4349 | D:3      | Noticed Natasha
  4352 | D:3      | Killed Natasha
  4466 | D:4      | Noticed Menkaure
  4473 | D:4      | Killed Menkaure
  4841 | D:4      | Noticed Edmund
  4871 | D:4      | Killed Edmund
  4871 | D:4      | Reached skill level 11 in Bows
  4871 | D:4      | Reached XP level 7. HP: 40/52 MP: 5/5
  5315 | D:5      | Entered Level 5 of the Dungeon
  5340 | D:5      | Found Boxzigri's Jewellery Boutique.
  5459 | D:5      | Found Dufuotua's General Store.
  5470 | D:5      | Bought 7 arrows of frost for 38 gold pieces
  5594 | D:5      | Found Cufodytz's Jewellery Boutique.
  5605 | D:5      | Bought a cursed -6 ring of intelligence for 26 gold pieces
  5660 | D:5      | Found Tho Puets' Armour Shop.
  5708 | D:5      | Found Wyitsothu's Antique Armour Shop.
  5744 | D:5      | Reached skill level 1 in Maces & Flails
  5822 | D:5      | Got a polished hand axe
  5823 | D:5      | Identified the +7 hand axe "Sigy" {pain, Noisy Str+2} (You found it on level 5 of the Dungeon)
  6038 | D:5      | Reached skill level 12 in Bows
  6615 | D:6      | Reached XP level 8. HP: 59/59 MP: 6/6
  6745 | D:6      | Noticed Sigmund
  6765 | D:6      | Killed Sigmund
  6917 | D:6      | Found a staircase to the Ecumenical Temple.
  6931 | Temple   | Entered the Ecumenical Temple
  7190 | Temple   | Became a worshipper of Warmaster Okawaru
  7778 | D:6      | Reached skill level 5 in Maces & Flails
  7865 | D:6      | Acquired Okawaru's first power
  8745 | D:7      | Found a sparkling altar of Nemelex Xobeh.
  8952 | D:7      | HP: 1/59 [killer bee (5)]
  8953 | D:7      | Slain by a killer bee

Action                   |  1- 3 |  4- 6 |  7- 9 || total
-------------------------+-------+-------+-------++-------
Melee: Short sword       |   192 |    62 |    17 ||   271
       Flail             |       |       |   117 ||   117
       Morningstar       |       |       |    47 ||    47
 Fire: Shortbow          |    13 |   133 |   108 ||   254
Evoke: Wand              |       |       |     1 ||     1
  Use: Scroll            |     2 |     3 |    12 ||    17
       Potion            |       |     4 |     3 ||     7
  Eat: Chunk             |     4 |     5 |     9 ||    18
       Beef jerky        |       |     1 |     1 ||     2
